 Dungeon Crawl Stone Soup version 0.30-a0-782-ge64f9170bb (webtiles) character file.

Game seed: 17332066532464303621

15081 Dirtsage the Carver (level 11, -2/95 HPs)
             Began as a Pale Draconian Monk on Mar 3, 2023.
             Was an Elder of Wu Jian.
             Slain by a demonic crawler (14 damage)
             ... on level 2 of the Lair of Beasts on Mar 6, 2023.
             The game lasted 00:30:48 (13507 turns).

Dirtsage the Carver (Pale Draconian Monk)          Turns: 13507, Time: 00:30:49

Health: -2/95      AC: 12    Str: 12    XL:     11   Next: 97%
Magic:  11/11      EV: 20    Int: 15    God:    Wu Jian [****..]
Gold:   849        SH:  9    Dex: 17    Spells: 2/10 levels left

rFire   . . .      SeeInvis +    a - +3 scimitar (flame)
rCold   . . .      Faith    .    z - +0 buckler
rNeg    . . .      Spirit   .    (body armour unavailable)
rPois   .          Reflect  +    F - +2 hat
rElec   .          Harm     .    Q - scarf {repulsion}
rCorr   .          Rampage  .    N - +0 pair of gloves
Will    .....                    H - +1 pair of boots
Stlth   ++                       C - amulet of reflection
HPRegen 0.35/turn                D - +5 ring of evasion
MPRegen 0.12/turn                S - ring of see invisible

@: about to teleport, short of breath, repel missiles
A: breathe steam, AC +7, unfitting armour, cold-blooded, steam resistance,
clever 1, noise suppression
a: Breathe Steam, Renounce Religion, Wall Jump, Serpent's Lash


You were on level 2 of the Lair of Beasts.
You worshipped Wu Jian.
Wu Jian was greatly pleased with you.
You visited 3 branches of the dungeon, and saw 14 of its levels.
You also visited: Sewer.

You collected 849 gold pieces.

Inventory:

Hand Weapons
 a - a +3 scimitar of flaming (weapon)
 A - a +3 short sword
Missiles
 E - 4 throwing nets (quivered)
 J - 2 curare-tipped darts
Armour
 r - a +0 cloak
 y - a scarf of harm
 z - a +0 buckler (worn)
 F - a +2 hat (worn)
 H - a +1 pair of boots (worn)
 N - a +0 pair of gloves (worn)
 Q - a scarf of repulsion (worn)
Magical Staves
 K - a staff of air
Jewellery
 c - an amulet of the acrobat
 C - an amulet of reflection (around neck)
 D - a +5 ring of evasion (left hand)
 S - a ring of see invisible (right hand)
Wands
 u - a wand of iceblast (14)
 P - a wand of polymorph (9)
Scrolls
 e - a scroll of amnesia
 g - 2 scrolls of magic mapping
 h - 5 scrolls of poison
 i - 6 scrolls of identify
 j - 2 scrolls of fog
 l - 2 scrolls of noise
 n - 6 scrolls of enchant armour
 p - 2 scrolls of vulnerability
 t - 5 scrolls of teleportation
 v - a scroll of enchant weapon
 x - a scroll of butterflies
 B - 4 scrolls of blinking
 L - a scroll of immolation
Potions
 b - a potion of ambrosia
 d - 4 potions of heal wounds {unknown}
 f - 3 potions of invisibility
 k - 4 potions of mutation
 m - 2 potions of magic {unknown}
 o - a potion of lignification {unknown}
 q - 5 potions of curing
 s - 2 potions of degeneration {unknown}
 w - 5 potions of flight {unknown}
 G - a potion of haste {unknown}
 I - 3 potions of attraction {unknown}
Miscellaneous
 M - a box of beasts
 O - a condenser vane


   Skills:
 + Level 8.5 Fighting
 * Level 13.1 Long Blades
 + Level 7.1 Dodging
 - Level 1.7 Stealth
 + Level 0.5 Shields
 * Level 8.6 Transmutations
 * Level 6.6 Earth Magic


You had 2 spell levels left.
You knew the following spells:

 Your Spells              Type           Power      Damage    Failure   Level
a - Wereblood             Tmut           25%        N/A       1%          2
b - Statue Form           Tmut/Erth      14%        N/A       94%         6

Your spell library contained the following spells:

 Spells                   Type           Power      Damage    Failure   Level
 Slow                     Hex            0%         N/A       36%         1
 Summon Small Mammal      Summ           0%         N/A       36%         1
 Scorch                   Fire           0%         2d5       50%         2
 Sublimation of Blood     Necr           0%         N/A       50%         2
 Blade Hands              Tmut           12%        N/A       30%         5
 Lee's Rapid Deconstruct  Erth           9%         3d7*      56%         5
 Leda's Liquefaction      Hex/Erth       4%         N/A       67%         4
 Call Canine Familiar     Summ           0%         N/A       73%         3
 Confusing Touch          Hex            0%         N/A       73%         3
 Summon Guardian Golem    Hex/Summ       0%         N/A       73%         3
 Vampiric Draining        Necr           0%         2d6       73%         3
 Flame Wave               Conj/Fire      0%         2d4       98%         4
 Summon Ice Beast         Ice/Summ       0%         N/A       98%         4
 Summon Forest            Summ/Tloc      0%         N/A       100%        5
 Summon Mana Viper        Hex/Summ       0%         N/A       100%        5
 Eringya's Noxious Bog    Tmut/Pois      6%         N/A       100%        6
 Iron Shot                Conj/Erth      4%         9d2       100%        6
 Summon Cactus Giant      Summ           0%         N/A       100%        6
 Malign Gateway           Summ/Tloc      0%         N/A       100%        7
 Monstrous Menagerie      Summ           0%         N/A       100%        7
 Summon Hydra             Summ           0%         N/A       100%        7
 Summon Horrible Things   Summ           0%         N/A       100%        8
 Animate Armour           Summ/Erth      Unusable   N/A       N/A         4

Dungeon Overview and Level Annotations

Branches:
Dungeon (11/15)            Temple (1/1) D:6            Lair (2/5) D:11
  Swamp (0/4) Lair:2          Orc (0/2) D:10          Sewer (visited)
  Snake: Lair:2-3    Spider: Lair:2-3

Altars:
Ashenzari
Cheibriados
Dithmenos
Elyvilon
Fedhas
Gozag
Hepliaklqana
Kikubaaqudgha
Nemelex Xobeh
Okawaru
Qazlal
Ru
Sif Muna
Trog
Uskayaw
Vehumet
Wu Jian
Xom
Yredelemnul
Zin
The Shining One

Annotations:
D:4 3 runed translucent doors, ThereIsNoGod's ghost, amateur OpFi
D:9 1 runed translucent door, Athor's ghost, journeyman VSBr


Innate Abilities, Weirdness & Mutations

You can breathe blasts of scalding, opaque steam.
Your pale cyan-grey scales are hard. (AC +7)
You cannot fit into any form of body armour.
You are cold-blooded and may be slowed by cold attacks.
You are immune to the effects of steam.
Your mind is acute. (Int +4, Str/Dex -1)
You passively dampen the noise of your surroundings.


Message History

You take 7 damage, and have 69/95 hp.
Your unstable footing causes you to fumble your attack.
You block the demonic crawler's attack. The demonic crawler hits you!
The demonic crawler hits you but does no damage.
You take 8 damage, and have 61/95 hp.
You are too injured to fight recklessly!
You block the demonic crawler's attack. The demonic crawler hits you!
The demonic crawler barely misses you.
You take 9 damage, and have 52/95 hp.
You spin and attack the demonic crawler.
You slash the demonic crawler! You burn the demonic crawler.
The demonic crawler is moderately wounded.
The demonic crawler hits you! x3
* * * LOW HITPOINT WARNING * * *
The demonic crawler hits you but does no damage. x2
You block the demonic crawler's attack.
You take 29 damage, and have 23/95 hp.
MASSIVE DAMAGE!!
Aiming: Breathe Steam (1% risk of failure)
Press: ? - help, Shift-Dir - straight line, f - demonic crawler
Aim: a demonic crawler (88% to hit)
You exhale a blast of scalding steam.
The ball of steam hits the demonic crawler.
The demonic crawler is lightly wounded.
The demonic crawler is engulfed in a cloud of scalding steam.
The demonic crawler barely misses you. x2
You block the demonic crawler's attack.
You hit the demonic crawler but do no damage.
The demonic crawler hits you!
* * * LOW HITPOINT WARNING * * *
The demonic crawler hits you but does no damage.
The demonic crawler misses you.
You take 13 damage, and have 11/95 hp.
Okay, then.
As you read the scroll of teleportation, it crumbles to dust.
You feel strangely unstable.
The fungus is engulfed in a cloud of scalding steam.
The fungus begins to die.
The demonic crawler is engulfed in a cloud of scalding steam.
The demonic crawler hits you!
You die...

...# ##P'### ##.##..≈≈~ ...#
##.#.# ...#.~~≈~ +#.# #...##
P....~≈≈≈ .##### #####.># ##
##..#..~~≈ ...#.######.#..#+##.#
#..# #..~~
..#.#.##............####..####.~.
.....##...........+..#..#...###..
..##...............#.............
...###.'...<....@sP~####..###..##
...# ##..........§~§~~###..######
#.## #.........~§§§~~~~..## #.
### ##........~≈~~§≈~...# ## #
###+..##~~##~##~~..# # #
##....~~~~# ~)#~~~>### # ##
##.....#~≈## ~~##≈~...##### .##
##.#.....~~# ~~~#~~....##.# +.#
##.#......~≈## ~~##≈~.....†..


You could see a demonic crawler.

Vanquished Creatures
  Harold (D:9)
  A cyclops (D:11)
  2 black mambas
  A gargoyle (D:10)
  5 cane toads
  5 komodo dragons
  5 trolls
  A polar bear (Lair:1)
  A hornet (D:8)
  4 blink frogs (Lair:2)
  2 vampires
  2 shadows
  6 wyverns
  5 yaks
  2 wraiths
  A basilisk (Lair:2)
  3 swamp worms (Lair:2)
  A warg (D:10)
  7 water moccasins
  6 black bears
  2 ice beasts
  A sky beast (D:7)
  2 orc warriors
  9 wolves
  2 centaurs
  3 ogres
  A phantom (D:5)
  5 kobold brigands
  5 bullfrogs
  2 necrophages
  A scorpion (D:4)
  7 wights (D:9)
  5 howler monkeys
  3 crimson imps
  A hound (D:5)
  3 orc priests
  A gnoll bouda (D:6)
  2 iguanas
  10 orc wizards
  Robin (D:2)
  5 gnolls (D:6)
  11 adders
  A shadow imp (D:8)
  A white imp (D:7)
  2 ufetubi (D:4)
  3 worms
  4 dart slugs
  19 orcs
  7 endoplasms
  8 giant cockroaches
  10 goblins
  9 hobgoblins
  7 jackals (D:4)
  26 kobolds
  12 quokkas
  13 ball pythons
  5 bats
  5 frilled lizards
  5 rats
280 creatures vanquished.

Vanquished Creatures (others)
  8 fungi
  15 plants
23 creatures vanquished.

Grand Total: 303 creatures vanquished

Notes
Turn   | Place    | Note
-------+----------+-------------------------------------------
     0 | D:1      | Dirtsage the Draconian Monk began the quest for the Orb.
     0 | D:1      | Reached XP level 1. HP: 19/19 MP: 1/1
   178 | D:1      | Reached XP level 2. HP: 26/26 MP: 2/2
   616 | D:2      | Reached skill level 4 in Long Blades
   712 | D:2      | Reached XP level 3. HP: 31/31 MP: 3/3
   930 | D:2      | Found a faded altar of an unknown god.
  1023 | D:2      | Saving game... please wait.
  1231 | D:2      | Noticed Robin
  1280 | D:2      | Killed Robin
  1618 | D:2      | Reached XP level 4. HP: 34/38 MP: 4/4
  1787 | D:3      | Found a white marble altar of Elyvilon.
  1809 | D:3      | Reached skill level 5 in Long Blades
  2197 | D:3      | Found a shimmering altar of Xom.
  2209 | D:3      | Found a sacrificial altar of Ru.
  2400 | D:3      | Reached skill level 6 in Long Blades
  2400 | D:3      | Reached XP level 5. HP: 42/45 MP: 5/5
  2450 | D:3      | Gained mutation: Your mind is acute. (Int +4, Str/Dex -1)
                  | [potion of mutation]
  2450 | D:3      | Gained mutation: You passively dampen the noise of your
                  | surroundings. [potion of mutation]
  2846 | D:4      | Reached XP level 6. HP: 51/51 MP: 6/6
  2907 | D:4      | Reached skill level 7 in Long Blades
  2971 | D:4      | Found a glowing golden altar of the Shining One.
  3385 | D:4      | Found a runed translucent gate.
  3386 | D:4      | Found a runed translucent gate.
  3388 | D:4      | Found a runed translucent gate.
  3389 | D:4      | Noticed ThereIsNoGod's ghost (amateur OpFi)
  3598 | D:4      | Found an opulent altar of Gozag.
  3657 | D:4      | Reached skill level 8 in Long Blades
  3675 | D:4      | Your scales start taking on a pale cyan-grey colour.
  3675 | D:4      | Reached XP level 7. HP: 17/57 MP: 7/7
  3675 | D:4      | Gained mutation: You are immune to the effects of steam.
                  | [Pale Draconian growth]
  3972 | D:4      | Identified the +1 ring mail "Otoedofa" {Regen+ Str+5}
  3983 | D:5      | Entered Level 5 of the Dungeon
  3987 | D:5      | Found a sparkling altar of Nemelex Xobeh.
  4086 | D:5      | Found a glowing drain.
  4090 | Sewer    | Entered a sewer
  4479 | Sewer    | Reached skill level 9 in Long Blades
  4617 | D:5      | Found a hide-covered altar of Uskayaw.
  4619 | D:5      | Found a glowing silver altar of Zin.
  4749 | D:5      | Reached skill level 10 in Long Blades
  4749 | D:5      | Reached XP level 8. HP: 58/63 MP: 8/8
  4875 | D:5      | Learned a level 2 spell: Wereblood
  5143 | D:5      | Found a shadowy altar of Dithmenos.
  5330 | D:5      | Found an iron altar of Okawaru.
  5381 | D:6      | Reached skill level 1 in Transmutations
  6022 | D:6      | Found a staircase to the Ecumenical Temple.
  6028 | Temple   | Entered the Ecumenical Temple
  6186 | Temple   | Became a worshipper of the Wu Jian Council
  6186 | Temple   | Reached * piety under Wu Jian
  6186 | Temple   | Reached ** piety under Wu Jian
  6704 | D:7      | Found a blossoming altar of Fedhas.
  7056 | D:7      | Reached skill level 5 in Fighting
  7056 | D:7      | Reached XP level 9. HP: 74/74 MP: 9/9
  8036 | D:8      | Reached skill level 11 in Long Blades
  8093 | D:8      | Reached skill level 5 in Dodging
  8325 | D:8      | Noticed a troll
  8332 | D:8      | Killed a troll
  8348 | D:8      | Reached skill level 5 in Transmutations
  8348 | D:8      | Noticed a troll
  8372 | D:8      | Killed a troll
  8373 | D:8      | Reached XP level 10. HP: 47/84 MP: 10/10
  8828 | D:9      | Found a runed translucent door.
  8830 | D:9      | Found a shimmering altar of Xom.
  8830 | D:9      | Noticed a +2 broad axe of chaos
  8830 | D:9      | Noticed Athor's ghost (journeyman VSBr)
  8937 | D:9      | Reached skill level 1 in Earth Magic
  8950 | D:9      | Identified the +9 whip "Yrimaunk" {elec, *Slow rPois rC+
                  | Dex+3}
  9055 | D:9      | Reached *** piety under Wu Jian
  9329 | D:9      | Noticed Harold
  9338 | D:9      | Killed Harold
  9761 | D:10     | Entered Level 10 of the Dungeon
  9824 | D:10     | Noticed a gargoyle
  9835 | D:10     | Killed a gargoyle
  9953 | D:10     | Identified the +6 quarterstaff of the Singing Gods {venom,
                  | rN+ Int+3 Dex+3}
  9993 | D:10     | Reached skill level 12 in Long Blades
 10236 | D:10     | Noticed a sea snake
 10417 | D:10     | Found a staircase to the Orcish Mines.
 10830 | D:11     | Reached XP level 11. HP: 49/93 MP: 11/11
 11024 | D:11     | Found a staircase to the Lair.
 11361 | D:11     | Learned a level 6 spell: Statue Form
 11634 | Lair:1   | Entered Level 1 of the Lair of Beasts
 11661 | Lair:1   | Reached **** piety under Wu Jian
 11662 | Lair:1   | Reached skill level 5 in Earth Magic
 12561 | Lair:2   | Found a staircase to the Swamp.
 13097 | Lair:2   | Reached skill level 13 in Long Blades
 13507 | Lair:2   | Slain by a demonic crawler

Illustrated notes

Levels and vault maps discovered:
D:1:      dpeg_arrival_pits, layout_basic, grunt_decor_fettered
D:2:      minmay_chambers_of_ones, layout_basic,
          shapermc_ecumenical_altar_mp_highgroup,
          chequers_serial_rivers_micro_a, grunt_ministairs_11,
          minmay_misc_feat_tower, uniq_robin
D:3:      layout_basic, old_standard_altar, elyvilon_altar_5, led_xom_imps,
          kennysheep_generic_room_8
D:4:      layout_basic, mainiacjoe_overflow_catch_the_wave,
          biasface_ghost_orc_armoury
D:5:      layout_loops_ring, mainiacjoe_overflow_six_doors_small,
          marbit_many_paths, grunt_temple_overflow_open, lemuel_crystal_altar,
          gup_sewer_entry_bowl, minmay_misc_feat_square
D:6:      layout_cave_pools, temple_green, nicolae_nh_ransacked_shop
D:7:      layout_layer_cave, general_overflow_altar, abandoned_shop,
          grunt_decor_one_mirror, minmay_fire_ice_demons
D:8:      layout_gridville, minmay_fractal_squares_gapless_5
D:9:      layout_roguey, ebering_ghost_xom, uniq_harold
D:10:     layout_rooms, david_orc_3, serial_aquarium, aquarium_bridge_square
          [aquarium_subvault_bridge, aquarium_subvault_balcony,
          aquarium_subvault_balcony, aquarium_subvault_window],
          aquarium_bridge_island_large [aquarium_subvault_large_water,
          aquarium_subvault_bridge, aquarium_subvault_wall,
          aquarium_subvault_window, aquarium_subvault_balcony],
          aquarium_window_fake, aquarium_window_corner, aquarium_window_1,
          aquarium_window_fake, aquarium_view_2d, aquarium_view_2f
D:11:     layout_irregular_city, david_lair_generic
Temple:   grunt_temple_mini_profane
Lair:1:   layout_hall_layers, st_stairs_12
Lair:2:   layout_roguey, minmay_swamp_entry_reptiles, st_stairs_3, worms_lemuel,
          infiniplex_staircase_pool

Skill      XL: |  1  2  3  4  5  6  7  8  9 10 11 |
---------------+----------------------------------+-----
Long Blades    | 4 6 8 10 11 12 13 | 13.1
Transmutations | 3 5 7 8 |  8.6
Dodging        | 4 5 6 7 |  7.1
Fighting       | 5 6 7 8 |  8.5
Earth Magic    | 4 6 |  6.6
Stealth        | |  1.7
Shields        | |  0.5

Action                     |  1- 3 |  4- 6 |  7- 9 | 10-12 || total
---------------------------+-------+-------+-------+-------++-------
  Melee: Falchion          |   102 |   119 |       |       ||   221
         Tailslap          |    12 |    26 |    54 |    56 ||   148
         Punch             |     2 |     6 |     5 |       ||    13
         Long sword        |       |   117 |   381 |    45 ||   543
         Scimitar          |       |       |       |   284 ||   284
  Throw: Dart              |       |       |     1 |       ||     1
         Throwing net      |       |       |     1 |       ||     1
   Cast: Wereblood         |       |       |       |     2 ||     2
Ability: Breathe Steam     |       |       |    16 |    18 ||    34
         Whirlwind         |       |       |    19 |    79 ||    98
         Lunge             |       |       |    10 |    22 ||    32
    Use: Potion            |       |     3 |     2 |       ||     5
         Scroll            |       |       |       |    16 ||    16
   Stab: Sleeping          |     4 |     5 |     5 |     8 ||    22
         Invisible         |       |       |     6 |       ||     6
         Distracted        |       |       |       |     1 ||     1
 Armour: Skin              |    24 |    91 |   127 |    41 ||   283
  Dodge: Dodged            |    60 |   133 |   337 |   168 ||   698
  Block: Other             |       |       |    24 |    11 ||    35
         Reflection        |       |       |     1 |     2 ||     3
         Buckler           |       |       |       |    86 ||    86

Table legend: (Time is in decaauts)
 A = Elapsed time spent in this place.
 B = Non-inter-level travel time spent in this place.
 C = Inter-level travel time spent in this place.
 D = Time resting spent in this place.
 E = Time spent auto-exploring this place.
 F = Levels seen in this place.
 G = Mean time per level.
                   A        B        C        D        E       F      G
               +--------+--------+--------+--------+--------+-----+--------+
         Total |  13555 |  13107 |    448 |    690 |  10232 |  15 |  903.7 |
       Dungeon |  10984 |  10592 |    392 |    563 |   8347 |  11 |  998.5 |
        Temple |    182 |    159 |     23 |      0 |    153 |   1 |  182.0 |
          Lair |   1859 |   1827 |     32 |    114 |   1429 |   2 |  929.5 |
         Sewer |    528 |    528 |      0 |     13 |    303 |   1 |  528.0 |
               +--------+--------+--------+--------+--------+-----+--------+

Top non-repeatable levels by time:
     D:4: 1421 daAuts
     D:2: 1243 daAuts
     D:5: 1241 daAuts
     D:7: 1125 daAuts
  Lair:2: 1116 daAuts
    D:11: 1086 daAuts
     D:8: 1026 daAuts
     D:9: 905 daAuts
     D:6: 817 daAuts
     D:3: 797 daAuts
    D:10: 775 daAuts
  Lair:1: 742 daAuts
     D:1: 543 daAuts
   Sewer: 528 daAuts
  Temple: 182 daAuts
